 Dungeon Crawl Stone Soup version 0.29-a0-845-g6161e89988 (webtiles) character file.

Game seed: 7249276523763450286

515 mathmaestro the Grave Robber (level 7, 46/52 HPs)
             Began as a Demonspawn Necromancer on July 15, 2022.
             Quit the game on level 4 of the Dungeon on July 16, 2022.
             The game lasted 00:09:48 (4469 turns).

mathmaestro the Grave Robber (DsNe)                 Turns: 4469, Time: 00:09:49

Health: 46/52      AC:  7    Str:  8    XL:     7   Next: 0%
Magic:  12/12      EV: 11    Int: 19    God:
Gold:   128        SH:  0    Dex: 13    Spells: 5/13 levels left

rFire   + . .      SeeInvis .   m - +6 dagger "Vusus" {spect, rElec}
rCold   . . .      Faith    .   (no shield)
rNeg    . . .      Spirit   .   q - +0 leather armour
rPois   .          Reflect  .   n - +0 helmet
rElec   +          Harm     .   (no cloak)
rCorr   .          Rampage  .   l - +0 pair of gloves
Will    .....                   (no boots)
Stlth   ++........              c - amulet of the acrobat
HPRegen 0.17/turn               u - ring of protection from fire
MPRegen 0.13/turn               (no ring)

@: no status effects
A: hooves 2, slimy green scales 1, foul stench 1
a: no special abilities


You were on level 4 of the Dungeon.
You visited 1 branch of the dungeon, and saw 4 of its levels.

You collected 128 gold pieces.

Inventory:

Hand Weapons
 m - the +6 dagger "Vusus" (weapon) {spect, rElec}
   (You found it on level 2 of the Dungeon)

   When its wielder attacks, the weapon's spirit leaps out and strikes again.
   The spirit shares a part of any damage it takes with its wielder.
   rElec:     It insulates you from electricity.
 p - a +0 hand axe
Armour
 l - a +0 pair of gloves (worn)
 n - a +0 helmet (worn)
 q - a +0 leather armour (worn)
Jewellery
 c - an amulet of the acrobat (around neck)
 u - a ring of protection from fire (left hand)
 v - a ring of protection from cold
Wands
 r - a wand of flame (21)
 x - a wand of iceblast (13)
Scrolls
 d - 3 scrolls of identify
 e - a scroll of amnesia
 h - 2 scrolls of blinking
 s - a scroll of fog
Potions
 a - a potion of mutation {unknown}
 b - a potion of magic
 f - a potion of brilliance {unknown}
 g - 4 potions of curing
 i - a potion of invisibility {unknown}
 j - a potion of cancellation {unknown}
 k - a potion of heal wounds {unknown}
 o - 2 potions of flight {unknown}
 t - 2 potions of might {unknown}
 w - a potion of degeneration {unknown}
 z - a potion of haste {unknown}


   Skills:
 + Level 3.5 Fighting
 + Level 2.4 Armour
 - Level 2.0 Dodging
 - Level 2.0 Stealth
 + Level 3.9 Spellcasting
 + Level 6.0 Necromancy


You had 5 spell levels left.
You knew the following spells:

 Your Spells              Type           Power      Damage    Failure   Level
a - Necrotise             Necr           100%       1d9       1%          1
b - Vampiric Draining     Necr           26%        2d7       4%          3
c - Animate Dead          Necr           26%        N/A       16%         4

Your spell library contained the following spells:

 Spells                   Type           Power      Damage    Failure   Level
 Poisonous Vapours        Pois/Air       6%         N/A       30%         2
 Agony                    Necr           26%        N/A       41%         5
 Corpse Rot               Necr/Pois/Air  11%        N/A       63%         4


Dungeon Overview and Level Annotations

Branches:
Dungeon (4/15)
 Temple: D:4-7

Altars:
Okawaru
Uskayaw


Innate Abilities, Weirdness & Mutations

You have hoof-like feet.
You are partially covered in slimy green scales. (AC +2)
You may rarely emit foul miasma when damaged in melee.


Message History

Your goblin skeleton crumbles into dust!
There is an open door here.
Found an escape hatch in the ceiling.
There is an open door here.
There is an open door here.
You see here a scorpion corpse.
There is an open door here.
There is an open door here.
An orc wizard comes into view. It is wielding a +0 dagger.
An orc wizard comes into view. It is wielding a +0 dagger.
Found a stone staircase leading down.
The orc wizard shouts!
You hear a shout! x2
An orc comes into view. It is wielding a +0 mace.
The orc wizard mumbles some strange words.
The orc wizard flickers and vanishes!
Deactivating autopickup; reactivate with Ctrl-A.
An orc comes into view. It is wielding a +0 whip.
The orc wizard moves out of view.
You hear a shout!
You hear a shout!
An orc comes into view. It is wielding a +0 short sword.
The orc shouts! x2
The orc wizard casts a spell.
The orc wizard flickers and vanishes!
You miss something. Something hits you but does no damage.
You hit something. Your kick misses something.
You hear some strange, mumbled words.
Something hits you but does no damage.
You barely miss something. You kick something. Something hits you.
You closely miss something. Something hits you.
You hit something. Your kick misses something.
Something hits you but does no damage.
You closely miss something. Your kick misses something. You hit something.
Reactivating autopickup.
You feel a bit more experienced.
You have reached level 7!
Your demonic ancestry asserts itself...
You begin to emit a foul stench of rot and decay.
Are you sure you want to abandon this character and quit the game? (Confirm with "yes".)

..#.#........#._.#.#
###.#.)....#.#...#.#
....#........## #.#
#####.........# ..
#[........# .#
#.######..# .# #.#
#..#+#.# #. ##.....#
#.##@## #..#)#
##.#{# .oo. #..#
#.># ##.# #.#


You could see 2 orcs.

Vanquished Creatures
  A sky beast (D:3)
  A necrophage (D:4)
  A scorpion (D:4)
  An iguana (D:4)
  Ijyb (D:3)
  10 gnolls
  5 adders
  A worm (D:2)
  3 dart slugs
  7 orcs
  6 ball pythons
  6 bats
  8 endoplasms
  4 giant cockroaches
  7 goblins
  3 hobgoblins
  3 jackals (D:4)
  5 quokkas
  A frilled lizard (D:2)
  4 kobolds
  2 rats (D:2)
80 creatures vanquished.

Vanquished Creatures (collateral kills)
  A dart slug (D:2)
1 creature vanquished.

Vanquished Creatures (others)
  An orc wizard (D:4)
1 creature vanquished.

Grand Total: 82 creatures vanquished

Notes
Turn   | Place    | Note
-------+----------+-------------------------------------------
     0 | D:1      | mathmaestro the Demonspawn Necromancer began the quest for
                  | the Orb.
     0 | D:1      | Reached XP level 1. HP: 13/13 MP: 3/3
   658 | D:1      | Found a faded altar of an unknown god.
   787 | D:1      | Gained mutation: You have large cloven feet. [demonic
                  | ancestry]
   787 | D:1      | Reached XP level 2. HP: 20/20 MP: 1/5
  1556 | D:2      | Reached skill level 1 in Fighting
  1666 | D:2      | Gained mutation: You have hoof-like feet. [demonic
                  | ancestry]
  1666 | D:2      | Reached XP level 3. HP: 18/26 MP: 0/6
  1785 | D:2      | Learned a level 3 spell: Vampiric Draining
  1800 | D:2      | Identified the +6 dagger "Vusus" {spect, rElec}
  2247 | D:2      | Reached skill level 5 in Necromancy
  2247 | D:2      | Reached XP level 4. HP: 24/33 MP: 0/8
  3053 | D:3      | Learned a level 4 spell: Animate Dead
  3064 | D:3      | Noticed a sky beast
  3073 | D:3      | Killed a sky beast
  3074 | D:3      | Reached skill level 1 in Armour
  3074 | D:3      | Gained mutation: You are partially covered in slimy green
                  | scales. (AC +2) [demonic ancestry]
  3074 | D:3      | Reached XP level 5. HP: 39/39 MP: 9/9
  3102 | D:3      | Noticed Ijyb
  3115 | D:3      | Killed Ijyb
  3611 | D:3      | Reached XP level 6. HP: 42/46 MP: 11/11
  3682 | D:3      | Identified the +1 scimitar "Fiemerau" {vorpal, Int+5
                  | Stlth+}
  4195 | D:4      | Found a hide-covered altar of Uskayaw.
  4250 | D:4      | Found an iron altar of Okawaru.
  4394 | D:4      | Reached skill level 6 in Necromancy
  4469 | D:4      | Gained mutation: You may rarely emit foul miasma when
                  | damaged in melee. [demonic ancestry]
  4469 | D:4      | Reached XP level 7. HP: 46/52 MP: 12/12
  4469 | D:4      | Quit the game

Illustrated notes

Levels and vault maps discovered:
D:1:      dpeg_arrival_boxes_within_box, layout_basic,
          ebering_ecumenical_altar_hall, chequers_serial_rivers_large_b,
          wad_floor_pattern_untrapped
D:2:      layout_loops_corners, wad_orctagon
D:3:      layout_basic, serial_rivers, chequers_serial_rivers_micro_b,
          chequers_serial_rivers_micro_d, chequers_serial_rivers_marsh,
          chequers_serial_rivers_micro_e, minmay_cupped, uniq_ijyb
D:4:      layout_basic, amcnicky_altar_gilded, kennysheep_okawaru_gauntlet,
          mainiacjoe_overflow_surrounded_room

Skill      XL: |  1  2  3  4  5  6 |
---------------+-------------------+-----
Stealth        | 2 |  2.0
Dodging        | 2 |  2.0
Fighting       | 1 2 3 |  3.5
Necromancy     | 5 6 |  6.0
Armour         | 1 2 |  2.4
Spellcasting   | 3 |  3.9

Action                   |  1- 3 |  4- 6 |  7- 9 || total
-------------------------+-------+-------+-------++-------
Melee: Dagger            |     7 |    71 |       ||    78
       Kick              |       |    13 |       ||    13
       Punch             |       |     1 |       ||     1
 Cast: Necrotise         |    61 |    36 |       ||    97
       Vampiric Draining |       |     7 |       ||     7
  Use: Scroll            |     4 |     1 |       ||     5
 Stab: Sleeping          |       |     2 |       ||     2
Armor: Robe              |     6 |       |       ||     6
       Leather armour    |       |    23 |       ||    23
Dodge: Dodged            |    19 |    36 |       ||    55

Table legend: (Time is in decaauts)
 A = Elapsed time spent in this place.
 B = Non-inter-level travel time spent in this place.
 C = Inter-level travel time spent in this place.
 D = Time resting spent in this place.
 E = Time spent auto-exploring this place.
 F = Levels seen in this place.
 G = Mean time per level.
                   A        B        C        D        E       F      G
               +--------+--------+--------+--------+--------+-----+--------+
         Total |   4519 |   4355 |    164 |    729 |   2927 |   4 | 1129.8 |
       Dungeon |   4519 |   4355 |    164 |    729 |   2927 |   4 | 1129.8 |
               +--------+--------+--------+--------+--------+-----+--------+

Top non-repeatable levels by time:
     D:1: 1583 daAuts
     D:2: 1514 daAuts
     D:3: 976 daAuts
     D:4: 445 daAuts
